 Dungeon Crawl Stone Soup version 0.27.1-2-g3b301248ec (webtiles) character file.

Game seed: 9795686042741141324

240 safid the Chopper (level 6, 33/53 HPs)
             Began as a Hill Orc Fighter on Sept 24, 2021.
             Quit the game on level 4 of the Dungeon.
             The game lasted 00:07:18 (3160 turns).

safid the Chopper (Hill Orc Fighter)                Turns: 3160, Time: 00:07:18

Health: 33/53      AC: 11    Str: 21    XL:     6   Next: 8%
Magic:  6/6        EV: 22    Int:  8    God:
Gold:   134        SH:  9    Dex: 10    Spells: 5/5 levels left

rFire    + . .     SeeInvis .   a - +0 war axe
rCold    . . .     Faith    .   c - +0 kite shield
rNeg     . . .     Spirit   .   b - +0 scale mail
rPois    .         Reflect  .   (no helmet)
rElec    .         Harm     .   f - +1 cloak
rCorr    .         Rampage  .   o - +1 pair of gloves
Will     .....                  (no boots)
Stlth    ..........             g - amulet of the acrobat
HPRegen  0.17/turn              n - ring of protection from fire
MPRegen  0.10/turn              s - ring of flight

@: acrobatic, flying
A: no striking features
a: no special abilities


You were on level 4 of the Dungeon.
You visited 1 branch of the dungeon, and saw 4 of its levels.

You collected 134 gold pieces.

Inventory:

Hand Weapons
 a - a +0 war axe (weapon)
Missiles
 k - 6 curare-tipped darts (quivered)
Armour
 b - a +0 scale mail (worn)
 c - a +0 kite shield (worn)
 f - a +1 cloak (worn)
 o - a +1 pair of gloves (worn)
Jewellery
 g - an amulet of the acrobat (around neck)
 n - a ring of protection from fire (left hand)
 s - a ring of flight (right hand)
Scrolls
 e - 3 scrolls of identify {unknown}
 j - a scroll of immolation {unknown}
 r - 2 scrolls of amnesia {unknown}
Potions
 d - a potion of might
 h - a potion of mutation {unknown}
 i - 3 potions of heal wounds {unknown}
 l - 2 potions of flight {unknown}
 m - a potion of ambrosia {unknown}
 p - a potion of curing {unknown}
 q - a potion of attraction {unknown}


   Skills:
 + Level 4.5 Fighting
 + Level 5.3 Axes
 + Level 0.1 Throwing
 + Level 4.5 Armour
 + Level 4.5 Shields


You had 5 spell levels left.
You didn't know any spells.
Your spell library contained the following spells:

 Spells                   Type           Power      Damage    Failure   Level
 Gell's Gravitas          Tloc           0%         N/A       100%        3
 Teleport Other           Tloc           0%         N/A       100%        3
 Dispersal                Tloc           0%         N/A       100%        6


Dungeon Overview and Level Annotations

Branches:
Dungeon (4/15)
 Temple: D:4-7

Altars:
Zin


Message History

You barely miss the jackal.
The jackal bites you but does no damage. x2
The jackal bites you.
The jackal bites you but does no damage.
You closely miss the jackal. You hit the jackal.
You kill the jackal!
The jackal barely misses you. You block the jackal's attack.
Your scale mail prevents you from hitting the jackal.
The jackal bites you but does no damage.
You block the jackal's attack.
You barely miss the jackal. You slash the adder skeleton!
The jackal closely misses you. The adder skeleton bites you.
You block the jackal's attack. The adder skeleton barely misses you.
You slash the adder skeleton!
You destroy the adder skeleton!
You barely miss the jackal. The jackal bites you.
The jackal bites you but does no damage.
You miss the jackal.
The jackal bites you but does no damage.
You block the jackal's attack.
You barely miss the jackal. The jackal closely misses you.
You block the jackal's attack.
You hit the jackal.
The jackal is almost dead.
The jackal bites you. You block the jackal's attack.
You hit the jackal.
You kill the jackal!
No target in view!
An orc comes into view. It is wielding a +0 flail.
An orc comes into view. It is wielding a +0 flail.
The orc shouts! x2
An orc comes into view. It is wielding a +0 club.
An orc wizard comes into view. It is wielding a +0 dagger.
An orc priest comes into view. It is wielding a +0 hand axe.
The orc priest threatens, "By the altar or by the axe, you will meet Beogh!" (press Y on the ability menu to convert to Beogh)
The orc priest shouts!
The orc wizard shouts!
You hear a shout!
The orc priest moves out of view.
Sorry, you're not good enough to have a special ability.
Are you sure you want to abandon this character and quit the game? (Confirm with "yes".)

.#......#+##.##.#.#
..........#.##.##.#.##
...#..................
...#......#.##.##.#.#
..........#.##.#
.oo.......#.##.#
#........#.##)# #
#...o.##.#.##)##..#
.#..o@..#........#
.........†....♣♣♣..#
##.########..♣# .#
##.♣ # #.♣ #.. #...
###.. .##


You could see an orc wizard and 3 orcs.

Vanquished Creatures
  Natasha (thrice) (D:2)
  A hound skeleton (D:4)
  3 gnolls (D:4)
  6 adders
  2 adder skeletons (D:4)
  2 worms
  2 dart slugs
  7 ball pythons
  5 endoplasms
  A giant cockroach (D:1)
  A goblin (D:4)
  3 hobgoblins
  13 jackals
  A quokka (D:3)
  2 bats
  A frilled lizard (D:1)
  3 kobolds (D:1)
  5 rats
61 creatures vanquished.

Notes
Turn   | Place    | Note
-------+----------+-------------------------------------------
     0 | D:1      | safid the Hill Orc Fighter began the quest for the Orb.
     0 | D:1      | Reached XP level 1. HP: 19/19 MP: 1/1
    92 | D:1      | Found a faded altar of an unknown god.
    98 | D:1      | Reached XP level 2. HP: 22/27 MP: 2/2
   110 | D:1      | Noticed a shining eye
   180 | D:1      | Noticed a great orb of eyes
   212 | D:1      | Noticed a shining eye
   257 | D:1      | Reached skill level 3 in Axes
   770 | D:1      | Noticed a shining eye
  1204 | D:2      | Reached XP level 3. HP: 30/33 MP: 3/3
  1723 | D:2      | Reached XP level 4. HP: 38/40 MP: 4/4
  1764 | D:2      | Noticed Natasha
  1774 | D:2      | Killed Natasha
  1775 | D:2      | Reached skill level 4 in Axes
  1954 | D:2      | Found a glowing silver altar of Zin.
  2085 | D:2      | Noticed Natasha
  2093 | D:2      | Killed Natasha
  2094 | D:2      | Reached XP level 5. HP: 32/47 MP: 5/5
  2319 | D:2      | Noticed Natasha
  2324 | D:2      | Killed Natasha
  2993 | D:4      | Reached skill level 5 in Axes
  3067 | D:4      | Reached XP level 6. HP: 31/53 MP: 6/6
  3160 | D:4      | Quit the game

Illustrated notes

Levels and vault maps discovered:
D:1:      sevenhm_arrival_forest_fort_small_4, layout_loops_corners,
          hellmonk_ecumenical_altar_watching_god
D:2:      layout_loops_cross, basic_altar, corexii_hall_statues_l,
          nrook_mini_backslash, dk_noncrumbling_3, uniq_natasha
D:3:      layout_rooms, minmay_strange_pillars, chequers_serial_rivers_large_a,
          minivault_11
D:4:      layout_basic, minmay_stone_trees_small, uniq_pikel

Skill      XL: |  1  2  3  4  5 |
---------------+----------------+-----
Axes           | 3 4 5 |  5.3
Fighting       | 4 |  4.5
Armour         | 4 |  4.5
Shields        | 4 |  4.5
Throwing       | |  0.1

Action                   |  1- 3 |  4- 6 || total
-------------------------+-------+-------++-------
Melee: War axe           |   101 |   112 ||   213
Throw: Dart              |     3 |       ||     3
Armor: Scale mail        |    51 |    49 ||   100
Dodge: Dodged            |    34 |    36 ||    70
Block: Kite shield       |    58 |    66 ||   124
